 Dungeon Crawl Stone Soup version 0.29.1-debian-1-gc3f1650bb9 (webtiles) character file.

Game seed: 14749104277197882401

2021 IdlyInterested the Covered (level 9, -9/74 HPs)
             Began as a Demonspawn Wanderer on Sept 12, 2022.
             Was an Initiate of Okawaru.
             Mangled by a fire elemental (14 damage)
             ... summoned by a deep elf pyromancer
             ... on level 6 of the Dungeon.
             The game lasted 00:25:36 (7562 turns).

IdlyInterested the Covered (Demonspawn Wanderer)    Turns: 7562, Time: 00:25:37

Health: -9/74      AC: 18    Str: 16    XL:     9   Next: 3%
Magic:  1/16       EV:  5    Int: 21    God:    Okawaru [......]
Gold:   172        SH:  0    Dex: 10    Spells: 17/18 levels left

rFire   . . .      SeeInvis .   C - +0 quarterstaff
rCold   . . .      Faith    +   (shield currently unavailable)
rNeg    . . .      Spirit   .   f - +0 plate armour
rPois   .          Reflect  .   (helmet restricted)
rElec   .          Harm     .   t - +2 cloak
rCorr   .          Rampage  .   N - +0 pair of gloves
Will    .....                   (no boots)
Stlth   ..........              c - amulet of faith
HPRegen 0.22/turn               m - +6 ring of intelligence
MPRegen 0.15/turn               (no ring)

@: studying 2 skills
A: ignite blood 1, powered by death 3, sharp scales 1, weakness stinger 1,
antennae 1, dopey 1, robust 1
a: Renounce Religion


You were on level 6 of the Dungeon.
You worshipped Okawaru.
Okawaru was noncommittal.
You visited 2 branches of the dungeon, and saw 8 of its levels.

You collected 347 gold pieces.
You spent 175 gold pieces at shops.

Inventory:

Hand Weapons
 p - the +7 rapier of the Harvest {antimagic, rN+ Dex+9}
   (You found it on level 6 of the Dungeon)

   It reduces the magical energy of the wielder, and disrupts the spells and
   magical abilities of those it strikes.
   Natural abilities and divine invocations are not affected.
   Dex:       It affects your dexterity (+9).
   rN:        It protects you from negative energy.
 B - a +0 morningstar
 C - a +0 quarterstaff (weapon)
 H - a +0 trident
Missiles
 l - 10 poisoned darts
 F - 8 boomerangs
 K - 4 curare-tipped darts
Armour
 f - a +0 plate armour (worn)
 j - the +0 helmet of Modesty {MP+9}
   (You took it off Robin on level 3 of the Dungeon)

   MP:        It affects your magic capacity (+9).
 n - a +0 robe
 t - a +2 cloak (worn)
 v - a +0 leather armour
 y - a +0 ring mail
 D - a +0 robe of cold resistance
 G - a +0 scale mail
 N - a +0 pair of gloves (worn)
Jewellery
 c - an amulet of faith (around neck)
 m - a +6 ring of intelligence (left hand)
 x - an amulet of magic regeneration
Wands
 a - a wand of mindburst (16)
 b - a wand of polymorph (2)
 g - a wand of flame (14) (quivered)
 r - a wand of digging (8)
 I - a wand of iceblast (14)
Scrolls
 d - 2 scrolls of magic mapping
 e - a scroll of torment {unknown}
 o - 2 scrolls of fear
 u - a scroll of amnesia {unknown}
 E - a scroll of immolation {unknown}
 J - a scroll of teleportation
 L - 2 scrolls of vulnerability {unknown}
 O - a scroll of poison {unknown}
Potions
 h - a potion of mutation
 i - a potion of experience {unknown}
 k - 3 potions of degeneration {unknown}
 q - a potion of cancellation {unknown}
 s - 2 potions of brilliance {unknown}
 w - 2 potions of curing
 z - 2 potions of flight
 A - 2 potions of attraction {unknown}


   Skills:
 - Level 5.0 Fighting
 * Level 5.6 Staves
 - Level 1.0 Throwing
 + Level 5.7 Armour
 - Level 2.0 Dodging
 - Level 1.0 Stealth
 - Level 5.0 Spellcasting
 + Level 5.4 Evocations


You had 17 spell levels left.
You knew the following spells:

 Your Spells              Type           Power      Damage    Failure   Level
a - Shock                 Conj/Air       20%        1d4       99%         1

Your spell library contained the following spells:

 Spells                   Type           Power      Damage    Failure   Level
 Foxfire                  Conj/Fire      20%        2x1d5     99%         1
 Ignite Poison            Fire/Tmut/Pois 5%         N/A       100%        3
 Inner Flame              Hex/Fire       5%         N/A       100%        3
 Kindle Blastsparks       Fire/Tloc/Air  10%        2d10      100%        3
 Mephitic Cloud           Conj/Pois/Air  5%         N/A       100%        3
 Ozocubu's Armour         Ice            5%         N/A       100%        3
 Portal Projectile        Hex/Tloc       10%        N/A       100%        3
 Flame Wave               Conj/Fire      5%         2d5       100%        4
 Blade Hands              Tmut           2%         N/A       100%        5
 Freezing Cloud           Conj/Ice/Air   2%         6-21      100%        5
 Ozocubu's Refrigeration  Ice            2%         4d8       100%        7
 Tukima's Dance           Hex            Unusable   N/A       N/A         3

Dungeon Overview and Level Annotations

Branches:
Dungeon (7/15)             Temple (1/1) D:4

Altars:
Ashenzari
Cheibriados
Dithmenos
Fedhas
Gozag
Hepliaklqana
Kikubaaqudgha
Nemelex Xobeh
Okawaru
Qazlal
Ru
Sif Muna
Trog
Uskayaw
Wu Jian
Xom
Yredelemnul

Shops:
D:3 *   D:4 (


Innate Abilities, Weirdness & Mutations

Your demonic aura sometimes causes spilled blood to erupt in flames.
You regenerate a lot of health from kills.
You are partially covered in razor-sharp scales. (AC +1, Slay +1)
You have a small tail.
You have a pair of small antennae on your head.
You are dopey. (Int -2)
You are robust. (+10% HP)


Message History

The mana viper resists with almost no effort.
You miss the mana viper. The mana viper bites you.
You feel your power leaking away. The mana viper bites you.
You feel your power leaking away.
You hit the mana viper.
The mana viper is lightly wounded.
The mana viper bites you! The fire elemental hits you.
The fire elemental burns you!
You thump the mana viper!
The mana viper is moderately wounded.
The mana viper bites you but does no damage.
The fire elemental hits you. The fire elemental burns you!
You barely miss the mana viper.
The mana viper is moderately wounded.
The mana viper bites you! The fire elemental hits you.
The fire elemental burns you!
* * * LOW HITPOINT WARNING * * *
The mana viper barely misses you.
You hit the mana viper but do no damage.
The mana viper is moderately wounded.
The fire elemental hits you. The fire elemental burns you!
* * * LOW HITPOINT WARNING * * *
The mana viper bites you but does no damage.
The fire elemental barely misses you.
Unknown command.
Aiming: Mindburst
Press: ? - help, Shift-Dir - straight line, f/p - mana viper
Aim: a mana viper (moderately wounded, chance to affect: 19%)
The mana viper resists with almost no effort.
The mana viper bites you but does no damage.
The fire elemental hits you. The fire elemental burns you!
* * * LOW HITPOINT WARNING * * *
The mana viper barely misses you.
Aiming: Mindburst
Press: ? - help, Shift-Dir - straight line, f/p - mana viper
Aim: a mana viper (moderately wounded, chance to affect: 19%)
The mana viper resists with almost no effort.
The fire elemental hits you. The fire elemental burns you!
You die...

#.).###############
#...# #.# #.#... ##.#.#
#.# ##...#. ####..#.##
#.###...##.
#....##..####.##..####.
#................## ##
#.###########.#.## ####
#.#.............# #...
#.#..E@.......### #.##
##.#''S######8.# ....
#..#...+.......# .####
#..#)..+.......# .# #~~
#..#...+.......###.####.
#..#+++######8.#....# ##
#..# ..............#
#..# ...........####
#..###########.##


You could see a mana viper and a fire elemental (summoned).

Vanquished Creatures
  A human (D:6)
  A water moccasin (D:7)
  An ice beast (D:7)
  2 black bears (D:5)
  A phantom (D:5)
  A lemure (D:6)
  A kobold brigand (D:5)
  A bullfrog (D:3)
  2 necrophages
  A scorpion (D:6)
  A wight (D:5)
  3 water moccasin zombies (D:5)
  2 killer bees
  A howler monkey (D:4)
  A bullfrog zombie (D:5)
  4 hounds
  A gnoll bouda (D:5)
  A human zombie (D:5)
  A jelly (D:7)
  Jessica (D:3)
  3 iguanas
  2 orc wizards
  A scorpion zombie (D:5)
  2 hound zombies (D:5)
  A howler monkey zombie (D:5)
  2 mummies (D:5)
  Robin (D:3)
  9 gnolls
  5 adders
  A shadow imp (D:5)
  A white imp (D:7)
  3 ufetubi
  2 dart slugs (D:2)
  14 orcs
  6 ball pythons
  3 bats
  7 endoplasms
  3 giant cockroaches
  18 goblins
  11 hobgoblins
  3 jackals (D:1)
  8 kobolds
  3 quokkas
  2 frilled lizards
  4 rats
143 creatures vanquished.

Vanquished Creatures (others)
  An orc wizard (D:7)
  A goblin (D:2)
  8 fungi (D:6)
10 creatures vanquished.

Grand Total: 153 creatures vanquished

Notes
Turn   | Place    | Note
-------+----------+-------------------------------------------
     0 | D:1      | IdlyInterested the Demonspawn Wanderer began the quest for
                  | the Orb.
     0 | D:1      | IdlyInterested set off with the following items: a +0 club,
                  | a wand of polymorph (7), a scroll of summoning, a +0 chain
                  | mail; and the following spell memorised: Shock; and the
                  | following spells available to memorise: Kindle Blastsparks.
     0 | D:1      | Reached XP level 1. HP: 13/13 MP: 5/5
   373 | D:1      | Gained mutation: You regenerate a little health from kills.
                  | [demonic ancestry]
   373 | D:1      | Reached XP level 2. HP: 19/20 MP: 7/7
   560 | D:1      | Reached skill level 1 in Fighting
  1164 | D:1      | Found a faded altar of an unknown god.
  1356 | D:1      | Reached XP level 3. HP: 26/26 MP: 8/8
  2379 | D:2      | Reached skill level 1 in Dodging
  2521 | D:3      | Found Ilia's General Store.
  2623 | D:3      | Bought a scroll of magic mapping for 97 gold pieces
  2670 | D:3      | Noticed Jessica
  2684 | D:3      | Killed Jessica
  2685 | D:3      | Reached XP level 4. HP: 30/34 MP: 10/10
  2765 | D:3      | Noticed Ijyb
  2770 | D:3      | Noticed Ijyb
  2770 | D:3      | Ijyb changed into Ijyb the bullfrog
  2798 | D:3      | Killed Ijyb the bullfrog
  2799 | D:3      | Gained mutation: You have a small tail. [demonic ancestry]
  2799 | D:3      | Reached XP level 5. HP: 4/40 MP: 11/11
  2800 | D:3      | Gained mutation: You are dopey. (Int -2) [potion of
                  | mutation]
  2800 | D:3      | Gained mutation: You are robust. (+10% HP) [potion of
                  | mutation]
  2800 | D:3      | Gained mutation: You have a pair of small antennae on your
                  | head. [potion of mutation]
  3233 | D:3      | Identified the +0 helmet of Modesty {MP+9}
  3233 | D:3      | Noticed Robin
  3257 | D:3      | Killed Robin
  3516 | D:3      | Bought 2 potions of flight for 78 gold pieces
  3556 | D:4      | Found Cioga's Antique Weapon Emporium.
  3669 | D:4      | Reached skill level 1 in Throwing
  3669 | D:4      | Gained mutation: You regenerate health from kills. [demonic
                  | ancestry]
  3669 | D:4      | Reached XP level 6. HP: 24/52 MP: 12/12
  4003 | D:4      | Found a staircase to the Ecumenical Temple.
  4012 | Temple   | Entered the Ecumenical Temple
  4254 | D:4      | Reached skill level 1 in Staves
  4601 | D:5      | Entered Level 5 of the Dungeon
  4866 | D:5      | Identified a scroll of acquirement
  4866 | D:5      | Acquired a manual of Short Blades
  4885 | D:5      | Gained mutation: You are partially covered in razor-sharp
                  | scales. (AC +1, Slay +1) [demonic ancestry]
  4885 | D:5      | Reached XP level 7. HP: 52/60 MP: 13/13
  5104 | D:5      | You fall into a shaft and drop 2 floors!
  5146 | D:7      | Reached skill level 5 in Fighting
  5451 | D:7      | HP: 3/61 [water moccasin (7)]
  5771 | D:6      | Noticed Pikel
  5795 | D:6      | Noticed Pikel
  5795 | D:6      | Pikel changed into Pikel the human
  5805 | D:6      | Killed Pikel the human
  5806 | D:6      | Gained mutation: Your demonic aura sometimes causes spilled
                  | blood to erupt in flames. [demonic ancestry]
  5806 | D:6      | Reached XP level 8. HP: 26/68 MP: 14/14
  6309 | D:5      | Reached skill level 5 in Armour
  6529 | D:5      | Found an ancient bone altar of Kikubaaqudgha.
  6539 | D:5      | Reached skill level 5 in Staves
  6539 | D:5      | Reached skill level 5 in Spellcasting
  6539 | D:5      | Reached skill level 5 in Evocations
  6914 | D:5      | Found a broken altar of Ashenzari.
  7106 | Temple   | Became a worshipper of Warmaster Okawaru
  7135 | D:5      | Acquired a manual of Dodging
  7137 | D:5      | Acquired a +6 ring of intelligence
  7270 | D:6      | Gained mutation: You regenerate a lot of health from kills.
                  | [demonic ancestry]
  7270 | D:6      | Reached XP level 9. HP: 67/74 MP: 16/16
  7283 | D:6      | Found an opulent altar of Gozag.
  7292 | D:6      | Found a bloodstained altar of Trog.
  7322 | D:6      | Identified the +7 rapier of the Harvest {antimagic, rN+
                  | Dex+9}
  7553 | D:6      | Noticed a deep elf pyromancer
  7554 | D:6      | Noticed a mana viper
  7554 | D:6      | a deep elf pyromancer changed into a mana viper
  7562 | D:6      | Mangled by a fire elemental

Illustrated notes

Levels and vault maps discovered:
D:1:      eino_arrival_cavern_a, layout_rooms, serial_co_window_serial,
          co_window_of_opportunity_a, co_window_paths_a, co_window_corner_a,
          co_window_corner_a, co_window_corner_a, co_window_corner_a,
          co_window_corner_b, co_window_unsneaky_path_e, co_window_corner_cb,
          co_window_unsneaky_path_c, co_window_4corner_a, co_window_4corner_b,
          glass_columns_b, glass_columns_b, glass_columns_a, glass_columns_a,
          shapermc_ecumenical_altar_starsandcircs
D:2:      layout_loops_ring
D:3:      layout_basic, serial_shops, nicolae_shop_statue_plus,
          kennysheep_generic_room_7, uniq_jessica, uniq_robin, uniq_ijyb
D:4:      minmay_inner_zag, layout_rooms, minmay_temple_entry_sparse_star,
          serial_shops, shop
D:5:      layout_basic, lemuel_mausoleum_altar_kikubaaqudgha, marbit_many_paths,
          interstate_on_off, minmay_misc_feat_rows, corexii_shack,
          kennysheep_dice
D:6:      layout_rooms, chequers_temple_overflow_statue_of_worship,
          serial_aquarium, aquarium_bridge_square [aquarium_subvault_bridge,
          aquarium_subvault_window, aquarium_subvault_window,
          aquarium_subvault_window], aquarium_window_2, aquarium_window_3,
          aquarium_window_1, aquarium_window_1, aquarium_view_2d,
          ebering_ghost_reflecting_pool, guppyfry_early_elven_hall, uniq_pikel
D:7:      layout_basic
Temple:   nicolae_temple_slightly_damp_pantheon

Skill      XL: |  1  2  3  4  5  6  7  8 |
---------------+-------------------------+-----
Fighting       | 1 2 3 4 5 |  5.0
Armour         | 4 5 |  5.7
Dodging        | 1 2 |  2.0
Evocations     | 2 3 4 5 |  5.4
Throwing       | 1 |  1.0
Staves         | 2 3 5 |  5.6
Spellcasting   | 5 |  5.0
Stealth        | |  1.0

Action                   |  1- 3 |  4- 6 |  7- 9 || total
-------------------------+-------+-------+-------++-------
Melee: Spear             |   200 |   129 |       ||   329
       Punch             |     2 |     1 |       ||     3
       Tailslap          |       |    23 |    49 ||    72
       Quarterstaff      |       |   114 |   289 ||   403
Throw: Throwing net      |       |       |     2 ||     2
Evoke: Wand              |       |     9 |     9 ||    18
  Use: Scroll            |     4 |     4 |     2 ||    10
       Potion            |       |     6 |     2 ||     8
Armor: Chain mail        |   108 |       |       ||   108
       Plate armour      |    35 |   259 |   227 ||   521
Dodge: Dodged            |    66 |    83 |    82 ||   231
